 Dungeon Crawl Stone Soup version 0.17-a0-1446-gc28613e (webtiles) character file.

564 mrath the Magician (level 7, -4/36 HPs)
             Began as a Deep Elf Air Elementalist on June 28, 2015.
             Slain by a phantom (8 damage)
             ... on level 4 of the Dungeon.
             The game lasted 01:29:38 (4631 turns).

mrath the Magician (Deep Elf Air Elementalist)      Turns: 4631, Time: 01:29:39

Health: -4/36      AC:  2    Str:  5    XL:     7   Next: 10%
Magic:  17/18      EV: 14    Int: 22    God:
Gold:   164        SH:  0    Dex: 15    Spells: 5 memorised, 5 levels left

rFire  . . .     SeeInvis .     h - +0 dagger (drain)
rCold  . . .     Clarity  .     a - +0 robe
rNeg   . . .     SustAt   .     (no shield)
rPois  .         Gourm    .     (no helmet)
rElec  .         Spirit   .     (no cloak)
rCorr  .         Warding  .     (no gloves)
rMut   .         Stasis   .     (no boots)
MR     .....                    K - amulet of regeneration
Stlth  ++........               (no ring)
                                (no ring)

@: not resistant to hostile enchantments, unstealthy
A: no striking features
a: no special abilities


You were on level 4 of the Dungeon.
You were not hungry.

You visited 1 branch of the dungeon, and saw 4 of its levels.

You collected 164 gold pieces.

Inventory:

Hand weapons
 c - a +0 blowgun
 d - a +0 spear
 h - a +0 dagger of draining (weapon)
 j - a cursed -3 club
 k - a +0 hunting sling
 y - a +0 blowgun
 A - a +0 club
 H - a +2 mace of protection
Missiles
 g - 55 sling bullets
 i - 243 stones (quivered)
 m - 17 poisoned needles
 p - 36 bolts
 x - 8 needles of frenzy
 G - 42 arrows
Armour
 a - a +0 robe (worn)
 e - a +0 large shield
 v - a +0 buckler
Jewellery
 s - an uncursed amulet of resist mutation
 K - an amulet of regeneration (around neck)
Magical devices
 B - a wand of cold (0)
 E - a wand of cold (0)
Scrolls
 n - 2 scrolls of identify
 C - 4 scrolls of remove curse
Potions
 l - a potion of flight
 q - a potion of heal wounds {unknown}
 r - a potion of curing {unknown}
 t - a potion of ambrosia
 w - a potion of mutation {unknown}
 z - a potion of might {unknown}
 D - a potion of lignification {unknown}
 F - a potion of haste {unknown}
Books
 b - a book of Air

   Spells                             Type                      Level
   a - Shock                          Conjuration/Air              1
   b - Swiftness                      Charms/Air                   2
   c - Repel Missiles                 Charms/Air                   2
   d - Static Discharge               Conjuration/Air              3
   e - Lightning Bolt                 Conjuration/Air              5
Comestibles
 f - a royal jelly
 o - 2 beef jerkies
 u - 2 meat rations
 I - 2 bread rations


   Skills:
 + Level 0.1 Polearms
 + Level 0.2 Throwing
 + Level 3.7 Dodging
 + Level 3.5 Stealth
 + Level 6.1 Spellcasting
 + Level 3.6 Conjurations
 + Level 5.1 Air Magic
 + Level 0.7 Evocations


You had 5 spell levels left.
You knew the following spells:

 Your Spells              Type           Power        Failure   Level  Hunger
a - Shock                 Conj/Air       ####         1%          1    None
b - Swiftness             Chrm/Air       ###.....     6%          2    None
c - Repel Missiles        Chrm/Air       ###...       6%          2    None
d - Static Discharge      Conj/Air       ####....     6%          3    #......
e - Lightning Bolt        Conj/Air       ####......   50%         5    #####..


Dungeon Overview and Level Annotations

Branches:
Dungeon (4/15)
 Temple: D:4-7

Altars:
Fedhas
Nemelex Xobeh

Annotations:
D:4 Oddysee's ghost, experienced OpFi


Message History

The phantom hits you!
* * * LOW HITPOINT WARNING * * *
Evoke which item? (* to show all) (? for menu, Esc to quit)
Zapping:
E - a wand of cold (1)
Press: ? - help, Shift-Dir - straight line, f/p - phantom
Aim: a phantom (heavily damaged)
The bolt of cold misses the phantom.
This wand has 0 charges left.
The phantom barely misses you.
You hit the phantom.
The phantom is heavily damaged.
The phantom closely misses you.
You barely miss the phantom.
The phantom is heavily damaged.
The phantom misses you.
You hit the phantom but do no damage.
The phantom is heavily damaged.
The phantom hits you.
* * * LOW HITPOINT WARNING * * *
The phantom hits you!
You die...

#.##... # . .......###
.##.. #..#####....#
##...W.....## ##..........
##........# ###
##....#....# ###.##
##..##W##..##
#....####..###.@##.#
#....##..## ##.#...#
##......### #......# ##
##.##.##...####..## .#.
##.###.###.......## .#
#..###.####......# ###.#
.#..##..# ##.....####..##
#.#..##.# ##......#....##
.###....#####..####....#.##


You could see a phantom and Oddysee's ghost (wandering).

Vanquished Creatures
  A sky beast (D:4)
  2 ogres (D:4)
  2 hounds (D:4)
  A giant frog skeleton (D:4)
  2 worker ants (D:4)
  A hound skeleton (D:4)
  A worker ant zombie (D:4)
  8 adders
  2 worms
  3 giant geckos
  5 orcs
  2 ball pythons (D:2)
  6 bats
  6 giant cockroaches
  8 hobgoblins
  3 jackals (D:1)
  6 kobolds
  2 quokkas (D:2)
  2 giant gecko skeletons (D:4)
  5 giant newts
  2 goblins
  6 rats
76 creatures vanquished.

Notes
Turn   | Place    | Note
--------------------------------------------------------------
     0 | D:1      | mrath the Deep Elf Air Elementalist began the quest for the Orb.
     0 | D:1      | Reached XP level 1. HP: 10/10 MP: 6/6
   396 | D:1      | Reached XP level 2. HP: 15/15 MP: 0/8
   567 | D:1      | Learned a level 2 spell: Swiftness
   570 | D:1      | Learned a level 2 spell: Repel Missiles
   818 | D:1      | Found a sparkling altar of Nemelex Xobeh.
  1339 | D:2      | Reached XP level 3. HP: 19/19 MP: 7/10
  1411 | D:2      | Learned a level 3 spell: Static Discharge
  1423 | D:2      | Reached skill level 4 in Spellcasting
  2254 | D:3      | Reached XP level 4. HP: 24/24 MP: 7/12
  3286 | D:4      | Reached XP level 5. HP: 22/28 MP: 0/14
  3481 | D:4      | Found a blossoming altar of Fedhas.
  3554 | D:4      | Noticed an ogre
  3561 | D:4      | Killed an ogre
  3561 | D:4      | Reached skill level 5 in Spellcasting
  3566 | D:4      | Reached XP level 6. HP: 8/32 MP: 9/15
  3897 | D:4      | Learned a level 5 spell: Lightning Bolt
  4039 | D:4      | Noticed an ogre
  4045 | D:4      | Killed an ogre
  4216 | D:4      | Noticed a sky beast
  4225 | D:4      | Killed a sky beast
  4225 | D:4      | Reached skill level 5 in Air Magic
  4245 | D:4      | Reached skill level 6 in Spellcasting
  4245 | D:4      | Reached XP level 7. HP: 12/36 MP: 13/18
  4256 | D:4      | Noticed Oddysee's ghost (experienced OpFi)
  4599 | D:4      | Noticed a phantom
  4631 | D:4      | Slain by a phantom

Vault maps used:
D:1:      mrwooster_arrival_statue, nemelex_diamond_rough_becter
D:4:      nicolae_overflow_crystal_walls, first_bread

Action                   |  1- 3 |  4- 6 |  7- 9 || total
-------------------------+-------+-------+-------++-------
Melee: Spear             |     3 |       |       ||     3
       Dagger            |    21 |    15 |    20 ||    56
       Hunting sling     |       |     1 |       ||     1
Throw: Stone             |     7 |       |       ||     7
 Cast: Shock             |    67 |    77 |    17 ||   161
       Static Discharge  |       |     3 |     1 ||     4
Evoke: Wand              |       |    14 |     3 ||    17
  Use: Scroll            |     4 |     9 |       ||    13
       Potion            |       |     1 |     1 ||     2
  Eat: Meat ration       |     1 |       |       ||     1
       Chunk             |       |     2 |       ||     2
       Bread ration      |       |     1 |       ||     1
